 Dungeon Crawl Stone Soup version 0.30-a0-630-g881e3bac89 (webtiles) character file.

Game seed: 11811354494863985116

78 Bnni the Sneak (level 4, -2/23 HPs)
             Began as a Vine Stalker Brigand on Jan 13, 2023.
             Slain by a hobgoblin (6 damage)
             ... led by Robin
             ... on level 2 of the Dungeon.
             The game lasted 00:02:04 (1051 turns).

Bnni the Sneak (Vine Stalker Brigand)               Turns: 1051, Time: 00:02:05

Health: -2/23      AC:  7    Str: 19    XL:     4   Next: 36%
Magic:  0/5        EV: 10    Int: 11    God:
Gold:   123        SH:  0    Dex: 18    Spells: 3/3 levels left

rFire   . . .      SeeInvis .    o - +0 falchion (venom)
rCold   . . .      Faith    .    (no shield)
rNeg    . . .      Spirit   +    f - +0 ring mail
rPois   .          Reflect  .    (no helmet)
rElec   .          Harm     .    c - +0 cloak
rCorr   .          Rampage  .    l - +0 pair of gloves
Will    .....                    (no boots)
Stlth   +++                      (no amulet)
HPRegen 1.03/turn                i - +6 ring of strength
MPRegen 0.09/turn                (no ring)

@: no status effects
A: fangs 2, regeneration 1, magic shield, antimagic bite, no potion heal 2
a: no special abilities


You were on level 2 of the Dungeon.
You visited 1 branch of the dungeon, and saw 2 of its levels.

You collected 123 gold pieces.

Inventory:

Hand Weapons
 a - a +2 dagger
 o - a +0 falchion of venom (weapon)
Missiles
 d - 12 poisoned darts (quivered)
 e - 3 curare-tipped darts
Armour
 c - a +0 cloak (worn)
 f - a +0 ring mail (worn)
 l - a +0 pair of gloves (worn)
Jewellery
 i - a +6 ring of strength (left hand)
Scrolls
 j - a scroll of magic mapping {unknown}
 m - a scroll of poison {unknown}
 n - 3 scrolls of identify {unknown}
 p - a scroll of immolation {unknown}
 q - a scroll of teleportation {unknown}
Potions
 b - a potion of curing {unknown}
 g - a potion of brilliance {unknown}
 h - a potion of mutation {unknown}
 k - a potion of degeneration {unknown}


   Skills:
 + Level 2.5 Fighting
 * Level 3.1 Short Blades
 - Level 1.7 Throwing
 - Level 0.7 Dodging
 + Level 5.5 Stealth


You had 3 spell levels left.
You didn't know any spells.
Your spell library contained the following spells:

 Spells                   Type           Power      Damage    Failure   Level
 Inner Flame              Hex/Fire       0%         N/A       88%         3
 Cause Fear               Hex            0%         N/A       99%         4
 Discord                  Hex            0%         N/A       100%        8


Dungeon Overview and Level Annotations

Branches:
Dungeon (2/15)

Altars:
Ru

Shops:
D:1 *[=*

Annotations:
D:2 Robin


Innate Abilities, Weirdness & Mutations

You have extremely sharp teeth.
Your natural rate of healing is unusually fast.
When hurt, damage is shared between your health and your magic reserves.
Your bite disrupts and absorbs the magic of your enemies.
Potions cannot restore your health.


Message History

You closely miss the goblin.
The goblin is severely wounded.
The goblin barely misses you. The goblin hits you but does no damage.
The giant cockroach bites you but does no damage.
The goblin hits you but does no damage. The goblin barely misses you.
The hobgoblin hits you. The goblin barely misses you.
You miss the goblin.
The goblin is severely wounded.
The giant cockroach barely misses you.
Robin roars a battlecry!
The goblins go into a battle-frenzy!
The goblin hits you with a +0 club.
The hobgoblin hits you but does no damage.
The goblin completely misses you.
The goblin hits you but does no damage. x2
The hobgoblin closely misses you. The giant cockroach barely misses you.
You barely miss the goblin. Your bite misses the goblin.
The goblin is severely wounded.
The giant cockroach bites you but does no damage.
Robin's horned helmet rattles.
The hobgoblin hits you.
The goblin hits you but does no damage. x3
A rat comes into view.
The goblin hits you but does no damage. The hobgoblin hits you.
You slash the goblin!
You kill the goblin!
The giant cockroach bites you but does no damage.
The hobgoblin hits you but does no damage.
The goblin barely misses you. The goblin hits you but does no damage.
The goblin misses you. The hobgoblin hits you.
The giant cockroach closely misses you.
You barely miss the goblin. Your bite misses the goblin.
The goblin hits you with a +0 club. The hobgoblin hits you.
The goblin hits you but does no damage. The goblin barely misses you.
The hobgoblin misses you.
The goblin hits you but does no damage. x2
The giant cockroach closely misses you. The hobgoblin closely misses you.
The goblin hits you with a +0 dagger. The goblin hits you with a +0 club.
* * * LOW HITPOINT WARNING * * *
The goblin hits you with a +0 club.
* * * LOW HITPOINT WARNING * * *
The goblin closely misses you. The hobgoblin hits you.
You die...

#.#####..###....
#### #.#
##..##.... #...
#.# ##.##....
#... #.#
#.##)†..
#...##'###
#....#..
#........#
####.+..
####........#
###..
#.....ggg...#
#..
#....gg@gg..#
#..
#.....gBgg..#
###
#.....Kg..###
#.........#
#.........#
#......r..#
#.........#
#######....


You could see Robin, a giant cockroach, 3 hobgoblins, 7 goblins, a kobold and a
rat.

Vanquished Creatures
  An orc wizard (D:2)
  A dart slug (D:2)
  4 orcs (D:2)
  3 endoplasms
  3 giant cockroaches
  5 goblins
  4 hobgoblins (D:1)
  3 jackals (D:2)
  2 kobolds
  4 ball pythons
  5 bats
  3 frilled lizards
  3 rats (D:1)
41 creatures vanquished.

Notes
Turn   | Place    | Note
-------+----------+-------------------------------------------
     0 | D:1      | Bnni the Vine Stalker Brigand began the quest for the Orb.
     0 | D:1      | Reached XP level 1. HP: 11/11 MP: 2/2
   145 | D:1      | Found Zur Puudi's General Store.
   176 | D:1      | Reached skill level 5 in Stealth
   176 | D:1      | Reached XP level 2. HP: 13/15 MP: 3/3
   433 | D:1      | Found Doacwu's Jewellery Shop.
   454 | D:1      | Found Pehom's General Store.
   667 | D:1      | Found Feffere's Antique Armour Shoppe.
   683 | D:1      | Reached XP level 3. HP: 15/18 MP: 4/4
   824 | D:2      | Gained mutation: Your natural rate of healing is unusually
                  | fast. [Vine Stalker growth]
   824 | D:2      | Reached XP level 4. HP: 21/23 MP: 5/5
   910 | D:2      | Found a sacrificial altar of Ru.
  1043 | D:2      | Noticed Robin
  1051 | D:2      | Slain by a hobgoblin

Illustrated notes

Levels and vault maps discovered:
D:1:      dpeg_arrival_stone_temple_mockup, layout_loops_ring, serial_shops,
          shop, nicolae_diamond_shop, nicolae_shop_behind_doors, shop,
          minmay_heptomino_o4
D:2:      layout_basic, basic_altar, nicolae_concentric_dashed_squares_mild,
          uniq_robin

Skill      XL: |  1  2  3 |
---------------+----------+-----
Short Blades   | 2 3 |  3.1
Stealth        | 5 |  5.5
Fighting       | 2 |  2.5
Throwing       | |  1.7
Dodging        | |  0.7

Action                   |  1- 3 |  4- 6 || total
-------------------------+-------+-------++-------
Melee: Dagger            |    82 |    16 ||    98
       Bite              |    17 |     8 ||    25
       Falchion          |       |    14 ||    14
 Stab: Sleeping          |     5 |       ||     5
       Distracted        |     1 |       ||     1
Armor: Ring mail         |    37 |    25 ||    62
Dodge: Dodged            |    26 |    28 ||    54

Table legend: (Time is in decaauts)
 A = Elapsed time spent in this place.
 B = Non-inter-level travel time spent in this place.
 C = Inter-level travel time spent in this place.
 D = Time resting spent in this place.
 E = Time spent auto-exploring this place.
 F = Levels seen in this place.
 G = Mean time per level.
                   A        B        C        D        E       F      G
               +--------+--------+--------+--------+--------+-----+--------+
         Total |   1040 |   1027 |     13 |      0 |    769 |   2 |  520.0 |
       Dungeon |   1040 |   1027 |     13 |      0 |    769 |   2 |  520.0 |
               +--------+--------+--------+--------+--------+-----+--------+

Top non-repeatable levels by time:
     D:1: 709 daAuts
     D:2: 331 daAuts
